 Dungeon Crawl Stone Soup version 0.20.1-1-g8b1a95d (webtiles) character file.

134 equalderp2856 the Skirmisher (level 4, -2/35 HPs)
             Began as a Mummy Fighter on Oct 25, 2017.
             Slain by a hippogriff (5 damage)
             ... on level 4 of the Dungeon.
             The game lasted 00:02:43 (2815 turns).

equalderp2856 the Skirmisher (Mummy Fighter)        Turns: 2815, Time: 00:02:44

Health: -2/35      AC:  8    Str: 19    XL:     4   Next: 95%
Magic:  4/4        EV:  7    Int:  8    God:
Gold:   201        SH:  9    Dex: 11    Spells: 4/4 levels left

rFire    x . .     SeeInvis .   a - +0 war axe
rCold    + . .     Gourm    .   c - +0 shield
rNeg     + + +     Faith    .   b - +0 scale mail
rPois    ∞         Spirit   .   (no helmet)
rElec    .         Reflect  .   (no cloak)
rCorr    .         Harm     .   l - +1 pair of gloves
MR       .....                  (no boots)
Stlth    ..........             (no amulet)
Regen    0.2/turn               (no ring)
MPRegen  0.1/turn               (no ring)

@: no status effects
A: no food or potions, fire vulnerability, cold resistance 1, negative energy
resistance 3, torment resistance, unbreathing
a: no special abilities


You were on level 4 of the Dungeon.
You were not hungry.

You visited 1 branch of the dungeon, and saw 4 of its levels.

You collected 201 gold pieces.

Inventory:

Hand Weapons
 a - a +0 war axe (weapon)
Armour
 b - a +0 scale mail (worn)
 c - a +0 shield (worn)
 j - a +0 pair of gloves
 l - a +1 pair of gloves (worn)
Jewellery
 k - an uncursed amulet of faith
Scrolls
 d - 2 scrolls of noise {unknown}
 e - a scroll of recharging {unknown}
 f - 4 scrolls of remove curse {unknown}
 g - 2 scrolls of fog {unknown}
 h - a scroll of teleportation {unknown}
 i - 2 scrolls of identify {unknown}
 m - a scroll of immolation {unknown}
 n - a scroll of enchant weapon {unknown}
 o - a scroll of amnesia {unknown}


   Skills:
 + Level 3.5 Fighting
 * Level 2.8 Axes
 + Level 2.9 Armour
 + Level 0.7 Dodging
 + Level 2.9 Shields
 * Level 0.5 Spellcasting


You had 4 spell levels left.
You didn't know any spells.

Dungeon Overview and Level Annotations

Branches:
Dungeon (4/15)
 Temple: D:4-7

Altars:
Yredelemnul

Annotations:
D:3 1 runed door


Innate Abilities, Weirdness & Mutations

You do not eat or drink.
Your flesh is vulnerable to fire.
You are immune to poison.
Your flesh is cold resistant. (rC+)
You are immune to negative energy. (rN+++)
You are immune to unholy pain and torment.
You can survive without breathing.


Message History

You hit the hippogriff but do no damage.
The hippogriff is lightly wounded.
The hippogriff bites you.
The hippogriff pecks you but does no damage.
The hippogriff claws you but does no damage.
The hippogriff bites you. You block the hippogriff's attack.
The hippogriff claws you but does no damage.
The hippogriff bites you!
* * * LOW HITPOINT WARNING * * *
The hippogriff pecks you but does no damage.
You block the hippogriff's attack.
An orc comes into view. It is wielding a hand axe.
The orc shouts!
You hear a shout! x2
You barely miss the orc. You slash the hippogriff!
The orc hits you with a hand axe.
* * * LOW HITPOINT WARNING * * *
The hippogriff bites you.
* * * LOW HITPOINT WARNING * * *
The hippogriff pecks you.
You die...

..........# #.#
########..# #.#
####..#######.#
#.....##.....<#
##.###.##.######
.####...##.##.#
...........##.#
#####...#####.#######
##.## #..H@o..# #.#
#.#####.##########
#.# #.# #.##........
#.# #.# #...........
#.#
##.########.##.....
###.#
#..................
#...#
#...######.#.......
#.### #...#
#.#....... #.# #...#
#.#...#...


You could see a hippogriff and an orc.

Vanquished Creatures
  5 adders
  4 worms
  3 dart slugs (D:1)
  2 leopard geckos
  4 giant cockroaches
  7 goblins
  6 hobgoblins
  2 jackals (D:1)
  A quokka (D:2)
  A ball python (D:1)
  7 bats
  6 frilled lizards
  14 kobolds
  11 rats
73 creatures vanquished.

Notes
Turn   | Place    | Note
-------+----------+-------------------------------------------
     0 | D:1      | equalderp2856 the Mummy Fighter began the quest for the Orb.
     0 | D:1      | Reached XP level 1. HP: 18/18 MP: 1/1
    99 | D:1      | Reached XP level 2. HP: 23/24 MP: 2/2
   400 | D:1      | Reached XP level 3. HP: 27/29 MP: 3/3
  1053 | D:2      | Reached XP level 4. HP: 35/35 MP: 4/4
  1706 | D:3      | Found a basalt altar of Yredelemnul.
  2179 | D:3      | Found a runed door.
  2776 | D:4      | Noticed a hippogriff
  2815 | D:4      | Slain by a hippogriff

Skill      XL: |  1  2  3 |
---------------+----------+-----
Axes           | 2 |  2.8
Fighting       | |  3.5
Armour         | |  2.9
Dodging        | |  0.7
Shields        | |  2.9
Spellcasting   | |  0.5

Action                   |  1- 3 |  4- 6 || total
-------------------------+-------+-------++-------
Melee: War axe           |   156 |   125 ||   281
Armor: Scale mail        |   101 |    77 ||   178
Dodge: Dodged            |    62 |    42 ||   104
Block: Shield            |    87 |    78 ||   165
